 Dungeon Crawl Stone Soup version 0.31-a0-1117-g67c613c (webtiles) character file.

Game seed: 18314859558842946792

1943770 Kearsarge the Wrestler (level 25, 245/245 HPs)
             Began as an Armataur Monk on Dec 4, 2023.
             Was an Initiate of Gozag.
             Escaped with the Orb
             ... and 3 runes!
             The game lasted 01:44:09 (49944 turns).

Kearsarge the Wrestler (Armataur Monk)             Turns: 49944, Time: 01:44:09

Health: 245/245    AC: 47    Str: 20    XL:     25   Next: 24%
Magic:  23/23      EV:  4    Int: 16    God:    Gozag
Gold:   1532       SH: 23    Dex: 14    Spells: 24/24 levels left

rFire   + +          .
                       - Unarmed
rCold   + + .        F - +1 tower shield "Ben Ext" {rN+++ Regen+ Str-5 Int+3}
rNeg    + + +        l - +8 plate armour of Hayguh {Harm rElec Str-2}
rPois   +            z - +0 mask of the Dragon {Will+ Slay+3 SInv}
rElec   +            C - scarf {rC+ rF+}
rCorr   .            c - +1 pair of gloves of Untold Secrets {Fly}
SInv    +            S - +10 Black Knight's barding {ponderous, rPois rN+}
Will    ++...        H - amulet of Vitality {RegenMP++ Regen++} Stlth
                     y - ring "Qyug Jic Sec" {rC+ SInv}
HPRegen 3.00/turn    A - ring "Xivagips" {rF+ Int+2}
MPRegen 0.98/turn

%: harm (+30% outgoing, +20% incoming), roll
@: flying, slow
A: large, deformed body, tough skin 3, armoured tail, roll 2, long tongue
0: Orb of Zot
}: 3/15 runes: serpentine, barnacled, silver
a: Renounce Religion, Potion Petition, Call Merchant, Bribe Branch


You escaped.
You worshipped Gozag.
Gozag was most pleased with you.
You visited 10 branches of the dungeon, and saw 48 of its levels.
You visited the Abyss 1 time.
You visited 1 ziggurat, and saw 9 of its levels.
You also visited: Sewer and Gauntlet.

You collected 26577 gold pieces.
You spent 10095 gold pieces at shops.
You paid 14950 gold pieces to Gozag.

Inventory:

Missiles
 p - 35 poisoned darts
 K - 7 throwing nets
Armour
 c - the +1 pair of gloves of Untold Secrets (worn) {Fly}
   (You found it on level 3 of the Snake Pit)

   Fly:       It grants you flight.
 l - the +8 plate armour of Hayguh (worn) {Harm rElec Str-2}
   (You found it on level 2 of the Snake Pit)

   Str-2:     It affects your strength (-2).
   rElec:     It insulates you from electricity.
   Harm:      It increases damage dealt and taken.
 z - the +0 mask of the Dragon (worn) {Will+ Slay+3 SInv}
   (You found it on level 5 of the Vaults)

   Slay+3:    It affects your accuracy & damage with ranged weapons and melee
   (+3).
   Will+:     It increases your willpower.
   SInv:      It lets you see invisible.
 C - a scarf of resistance (worn)
 F - the +1 tower shield "Ben Ext" (worn) {rN+++ Regen+ Str-5 Int+3}
   (You took it off a minotaur in a Gauntlet)

   Str-5:     It affects your strength (-5).
   Int+3:     It affects your intelligence (+3).
   rN+++:     It renders you almost immune to negative energy.
   Regen+:    It increases your rate of health regeneration.
 I - a +2 hat of see invisible
 J - the +0 helmet of Grace {+Blink rPois Str+4 Stlth-}
   (You bought it in a shop on level 1 of the Shoals)

   Str+4:     It affects your strength (+4).
   rPois:     It protects you from poison +Blink: It lets you blink.
   Stlth-:    It makes you less stealthy.
 S - the +10 Black Knight's barding (worn) {ponderous, rPois rN+}
   (You bought it in a shop on level 1 of the Vaults)

   rPois:     It protects you from poison rN+: It protects you from negative
   energy.
 U - the +15 Maxwell's patent armour {-Cast -Tele rElec Will+ rCorr}
   (You found it on level 2 of the Depths)

   rElec:     It insulates you from electricity.
   Will+:     It increases your willpower.
   -Cast:     It prevents spellcasting.
   -Tele:     It prevents most forms of teleportation.
   rCorr:     It protects you from acid and corrosion.
Jewellery
 y - the ring "Qyug Jic Sec" (left hand) {rC+ SInv}
   (You found it in a Gauntlet)

   [ring of see invisible]

   rC+:       It protects you from cold.
   SInv:      It lets you see invisible.
 A - the ring "Xivagips" (right hand) {rF+ Int+2}
   (You found it on level 4 of the Shoals)

   [ring of protection from fire]

   Int+2:     It affects your intelligence (+2).
   rF+:       It protects you from fire.
 H - the amulet of Vitality (around neck) {RegenMP++ Regen++}
   (You bought it in a shop on level 13 of the Dungeon)

   [amulet of magic regeneration]

   RegenMP:   It increases your rate of magic regeneration.
   Regen++:   It increases your rate of health regeneration.
Wands
 o - a wand of paralysis (40)
 s - a wand of quicksilver (40)
 t - a wand of mindburst (52)
 G - a wand of iceblast (42)
 Q - a wand of polymorph (12)
 R - a wand of flame (67)
 Z - a wand of digging (9)
Scrolls
 a - 12 scrolls of teleportation
 h - 8 scrolls of vulnerability
 j - 5 scrolls of fog
 q - 3 scrolls of torment
 u - 7 scrolls of blinking
 v - 5 scrolls of enchant armour
 w - 11 scrolls of amnesia
 B - 2 scrolls of silence
 L - a scroll of brand weapon
 N - 11 scrolls of enchant weapon
 T - 2 scrolls of revelation
 V - 4 scrolls of poison
 W - 5 scrolls of fear
 Y - a scroll of immolation
Potions
 b - a potion of ambrosia
 d - 3 potions of haste
 e - 4 potions of enlightenment
 f - 4 potions of attraction
 g - 8 potions of lignification
 i - 11 potions of heal wounds
 k - 9 potions of curing
 n - 3 potions of berserk rage
 r - 6 potions of mutation
 x - 5 potions of resistance
 D - 4 potions of magic
 E - 11 potions of brilliance
 M - 2 potions of cancellation
 O - 2 potions of invisibility
 X - 2 potions of might
Miscellaneous
 m - a phial of floods
 P - a lightning rod (4/4)


   Skills:
 - Level 23.8 Fighting
 + Level 23.2 Armour
 - Level 2.1 Dodging
 + Level 21.5 Shields
 - Level 25.9 Unarmed Combat


You had 24 spell levels left.
You didn't know any spells.
Your spell library contained the following spells:

 Spells                   Type           Power      Damage    Failure   Level
 Apportation              Tloc           0%         N/A       93%         1
 Freeze                   Ice            0%         1d3       93%         1
 Magic Dart               Conj           0%         1d3       93%         1
 Necrotise                Necr           0%         1d4       93%         1
 Sting                    Tmut/Pois      0%         1d3       93%         1
 Summon Small Mammal      Summ           0%         N/A       93%         1
 Blink                    Tloc           0%         N/A       98%         2
 Call Imp                 Summ           0%         N/A       98%         2
 Cigotuvi's Dreadful Rot  Necr/Pois/Air  0%         N/A       98%         2
 Ensorcelled Hibernation  Hex/Ice        0%         N/A       98%         2
 Jinxbite                 Hex            0%         N/A       98%         2
 Lesser Beckoning         Tloc           0%         N/A       98%         2
 Passwall                 Tmut/Erth      0%         N/A       98%         2
 Poisonous Vapours        Pois/Air       0%         N/A       98%         2
 Scorch                   Fire           0%         2d5       98%         2
 Static Discharge         Conj/Air       0%         3-3/arc   98%         2
 Sublimation of Blood     Necr           0%         N/A       98%         2
 Wereblood                Tmut           0%         N/A       98%         2
 Dazzling Flash           Conj/Hex       0%         N/A       100%        3
 Frozen Ramparts          Ice            0%         1d1       100%        3
 Gell's Gravitas          Tloc           0%         N/A       100%        3
 Hailstorm                Conj/Ice       0%         3d5       100%        3
 Ignite Poison            Fire/Tmut/Pois 0%         N/A       100%        3
 Mephitic Cloud           Conj/Pois/Air  0%         N/A       100%        3
 Ozocubu's Armour         Ice            0%         N/A       100%        3
 Swiftness                Air            0%         N/A       100%        3
 Teleport Other           Tloc           0%         N/A       100%        3
 Tukima's Dance           Hex            0%         N/A       100%        3
 Vampiric Draining        Necr           0%         2d6       100%        3
 Airstrike                Air            0%         2d(0-16)  100%        4
 Animate Armour           Summ/Erth      0%         N/A       100%        4
 Brom's Barrelling Bould  Conj/Erth      0%         2d3       100%        4
 Cause Fear               Hex            0%         N/A       100%        4
 Dimensional Bullseye     Hex/Tloc       0%         N/A       100%        4
 Dispel Undead            Necr           0%         3d6       100%        4
 Flame Wave               Conj/Fire      0%         2d4       100%        4
 Iskenderun's Mystic Bla  Conj/Tloc      0%         2d3       100%        4
 Leda's Liquefaction      Hex/Erth       0%         N/A       100%        4
 Manifold Assault         Tloc           0%         N/A       100%        4
 Passage of Golubria      Tloc           0%         N/A       100%        4
 Sticky Flame             Conj/Fire      0%         2d3       100%        4
 Summon Ice Beast         Ice/Summ       0%         N/A       100%        4
 Summon Lightning Spire   Summ/Air       0%         N/A       100%        4
 Vhi's Electric Charge    Tloc/Air       0%         N/A       100%        4
 Agony                    Necr           0%         N/A       100%        5
 Alistair's Intoxication  Tmut/Pois      0%         N/A       100%        5
 Arcjolt                  Conj/Air       0%         1d10      100%        5
 Fireball                 Conj/Fire      0%         3d3       100%        5
 Freezing Cloud           Conj/Ice/Air   0%         6-21      100%        5
 Iskenderun's Battlesphe  Conj           0%         2d6       100%        5
 Lee's Rapid Deconstruct  Erth           0%         3d4*      100%        5
 Silence                  Hex/Air        0%         N/A       100%        5
 Yara's Violent Unravell  Hex/Tmut       0%         3d3       100%        5
 Bombard                  Conj/Erth      0%         9d1       100%        6
 Conjure Ball Lightning   Conj/Air       0%         3x3d6     100%        6
 Death Channel            Necr           0%         N/A       100%        6
 Dispersal                Tloc           0%         N/A       100%        6
 Plasma Beam              Fire/Air       0%         2x1d10    100%        6
 Summon Cactus Giant      Summ           0%         N/A       100%        6
 Enfeeble                 Hex            0%         N/A       100%        7
 Malign Gateway           Summ/Tloc      0%         N/A       100%        7
 Orb of Destruction       Conj           0%         9d5       100%        7
 Ozocubu's Refrigeration  Ice            0%         4d7       100%        7
 Summon Hydra             Summ           0%         N/A       100%        7
 Discord                  Hex            0%         N/A       100%        8
 Ignition                 Fire           0%         3d3       100%        8
 Lehudib's Crystal Spear  Conj/Erth      0%         10d2      100%        8
 Summon Horrible Things   Summ           0%         N/A       100%        8
 Dragon's Call            Summ           0%         N/A       100%        9
 Polar Vortex             Ice            0%         N/A       100%        9
 Simulacrum               Ice/Necr       Unusable   N/A       N/A         6

Dungeon Overview and Level Annotations

Branches:
Dungeon (15/15)            Temple (1/1) D:6            Lair (5/5) D:11
 Shoals (4/4) Lair:2        Snake (4/4) Lair:3        Slime (0/5) Lair:4
    Orc (2/2) D:9             Elf (3/3) Orc:2        Vaults (5/5) D:13
  Crypt (0/3) Vaults:3     Depths (4/4) D:15            Zot (5/5) Depths:4
  Sewer (visited)         Gauntlet (visited)

Altars:
Ashenzari
Cheibriados
Dithmenos
Elyvilon
Fedhas
Gozag
Hepliaklqana
Kikubaaqudgha
Makhleb
Nemelex Xobeh
Okawaru
Qazlal
Ru
Sif Muna
Trog
Uskayaw
Vehumet
Wu Jian
Xom
Yredelemnul
Zin
The Shining One
Jiyva
Lugonu

Shops:
D:2 =   D:10 [   D:13 =   Orc:1 !*   Orc:2 ([*=?   Elf:1 (   Elf:3 (   Lair:2 [
Shoals:1 *   Shoals:2 *   Snake:1 *[*!(   Vaults:1 ![   Vaults:2 :
Vaults:5 !!!   Depths:3 [:

Portals:
Hell: Depths:1 Depths:2 Depths:3 Depths:4
Abyss: Depths:3
Pandemonium: Depths:2

Annotations:
D:8 4 runed translucent doors
Temple 2 transporters
Lair:1 1 runed translucent door, MrDizzy's ghost, journeyman DjFE
Lair:2 exclusion: oklob plant
Lair:4 1 runed translucent door, dhlexpress's ghost, journeyman GrHs
Shoals:2 2 transporters, exclusion: orange crystal statue
Snake:4 2 runed translucent doors, wqsa789's ghost, adept AtFi
Elf:2 5 runed translucent doors


Innate Abilities, Weirdness & Mutations

Armour fits poorly on your strangely shaped body.
You have extremely tough skin. (AC +3)
You have a long armoured tail.
You roll and regenerate health when moving toward enemies. (Rampage Heal)
Your long tongue fully drains potion bottles. (2x potion effects)


Message History

There is a stone staircase leading up here.
You fly upwards.
There is a stone staircase leading down here.
You see here a +0 club.
There is a stone staircase leading up here.
You fly upwards.
There is a stone staircase leading down here.
As you read the scroll of teleportation, it crumbles to dust.
You feel strangely unstable.
You feel the Orb delaying your translocation!
You start waiting.
Your surroundings suddenly seem different.
Blink to where?
Press: ? - help, Q - select action, (/) - cycle Dir - move target
As you read the scroll of blinking, it crumbles to dust.
Blink to where?
Press: ? - help, Q - select action, (/) - cycle Dir - move target
As you read the scroll of blinking, it crumbles to dust.
Blink to where?
Press: ? - help, Q - select action, (/) - cycle Dir - move target
As you read the scroll of blinking, it crumbles to dust.
The naga shouts!
The merfolk shouts!
The armataur shouts!
A cacodemon and 2 orange demons come into view.
Blink to where?
Press: ? - help, Q - select action, (/) - cycle Dir - move target
As you read the scroll of blinking, it crumbles to dust.
The octopode shouts!
The spriggan shouts!
The orc shouts!
The minotaur bellows!
The cacodemon moves out of view.
The orange demon moves out of view. x2
Blink to where?
Press: ? - help, Q - select action, (/) - cycle Dir - move target
As you read the scroll of blinking, it crumbles to dust.
The vine stalker shouts!
The demonspawn shouts!
Blink to where?
Press: ? - help, Q - select action, (/) - cycle Dir - move target
As you read the scroll of blinking, it crumbles to dust.
The demigod shouts!
The human shouts!
The troll shouts!
Blink to where?
Press: ? - help, Q - select action, (/) - cycle Dir - move target
As you read the scroll of blinking, it crumbles to dust.
You have escaped!

#####
#.@.#
#...#
###'###
#B#.#n#
###.###
#p#.#p#
###.###
#T#.#V#
###.###


There were no monsters in sight!

Vanquished Creatures
  A dread lich (Vaults:5)
  2 ancient liches
  A juggernaut (Depths:2)
  Josephina (Depths:2)
  Sojobo (Vaults:4)
  2 Killer Klowns
  3 golden dragons
  Nikola (Snake:2)
  A bone dragon (Abyss:2)
  A profane servitor (D:5)
  A Brimstone Fiend (D:4)
  A pandemonium lord (Zig:1)
  2 electric golems
  6 tentacled monstrosities
  A walking crystal tome (Depths:2)
  Zenata (Elf:1)
  Asterion (Depths:1)
  5 Orb Guardians
  5 quicksilver dragons
  4 sphinxes
  3 liches
  2 deep elf blademasters (Elf:3)
  2 deep elf master archers
  3 tentacled starspawn (Abyss:3)
  Polyphemus (Shoals:2)
  Donald (Vaults:4)
  3 draconian monks
  A storm dragon (shapeshifter) (Zig:6)
  6 death cobs
  7 tengu reavers
  4 storm dragons
  7 nagarajas
  6 shadow dragons
  6 fire giants
  9 draconian knights
  8 frost giants
  2 iron dragons
  Louise (Snake:2)
  A balrug (Depths:2)
  4 draconian scorchers
  3 deep elf sorcerers
  A deep elf elementalist (Elf:1)
  17 vault wardens
  4 draconian stormcallers
  A juggernaut zombie (Depths:4)
  4 draconian shifters (Zot:1)
  3 cacodemons
  20 very ugly things
  A war gargoyle (Vaults:4)
  17 ironbound preservers
  5 draconian annihilators
  2 spriggan defenders (Depths:2)
  2 orc warlords
  A quicksilver ooze (Gauntlet)
  3 ironbound thunderhulks
  5 formless jellyfish
  17 stone giants
  3 deep elf demonologists
  2 vampire knights
  A caustic shrike skeleton (Depths:4)
  4 yellow draconians
  4 white draconians
  9 green draconians
  4 deep elf annihilators
  4 minotaurs
  7 black draconians
  13 dire elephants
  7 red draconians
  5 spark wasps (Depths:4)
  6 purple draconians
  2 crystal guardians
  10 ettins
  4 deep elf death magi
  An entropy weaver (Vaults:1)
  A green death (Zot:1)
  An entropy weaver (shapeshifter) (Zig:6)
  3 merfolk impalers
  A jiangshi (Depths:4)
  A quicksilver dragon zombie (D:15)
  5 merfolk javelineers
  A shambling mangrove (Zig:2)
  12 yaktaur captains
  11 fire dragons
  4 salamander tyrants (Snake:4)
  7 ice dragons
  9 great orbs of eyes
  3 deep elf high priests
  20 vault guards
  2 peacekeepers (Vaults:4)
  6 rakshasas
  2 ogre magi
  2 merfolk avatars (Shoals:3)
  Harold (Orc:1)
  Erolcha (D:12)
  9 hydras
  2 catoblepae
  2 death knights (Vaults:3)
  A juggernaut simulacrum (Depths:2)
  13 ironbound frosthearts
  A sphinx zombie (D:15)
  13 anacondas
  4 two-headed ogres
  5 boulder beetles
  9 centaur warriors
  3 deep troll shamans
  3 merfolk aquamancers
  15 satyrs
  8 deep troll earth magi
  2 vampire magi
  6 naga sharpshooters
  20 naga warriors
  16 death yaks
  17 hell knights
  11 dancing weapons
  4 shock serpents
  8 tengu warriors
  5 orc high priests
  2 occultists
  A soul eater (Depths:2)
  Amaemon (Lair:1)
  9 deep elf knights
  13 salamander mystics
  6 skysharks
  A shadow wraith (Vaults:3)
  A sun demon (Depths:3)
  3 iron trolls
  A sea snake (shapeshifter) (Vaults:5)
  3 sixfirhies
  3 glowing orange brains
  51 deep trolls
  9 sea snakes
  5 flayed ghosts
  4 skeletal warriors
  2 swamp dragons (shapeshifter)
  A deep troll (shapeshifter) (Depths:4)
  14 ironbound convokers
  An orange crystal statue (Zig:1)
  4 naga ritualists
  12 deep elf archers
  2 obsidian statues (Zig:1)
  37 harpies
  4 phantasmal warriors
  2 steelbarb worms (shapeshifter)
  8 arcanists
  26 deep elf zephyrmancers
  15 lindwurms
  11 necromancers
  21 deep elf pyromancers
  9 orc knights
  13 mana vipers
  32 ugly things
  Maurice (Orc:1)
  5 orc sorcerers
  22 manticores
  37 salamanders
  30 fauns
  5 moths of wrath
  9 cyclopes
  6 kobold blastminers
  10 merfolk sirens
  6 guardian serpents
  11 elephants
  An ice statue (Zig:1)
  35 black mambas
  6 water nymphs
  A torpor snail (Gauntlet)
  A smoke demon (Depths:2)
  4 centaur skeletons (D:13)
  17 naga magi
  19 vault sentinels
  2 orange demons
  3 gargoyles
  An unseen horror (D:13)
  14 cane toads
  2 titan simulacra (Depths:2)
  13 komodo dragons
  7 rime drakes
  An ancient zyme (Abyss:3)
  A komodo dragon (shapeshifter) (Vaults:5)
  41 yaktaurs
  A silent spectre (Orc:1)
  A harpy zombie (Abyss:3)
  A meliai (shapeshifter) (Elf:1)
  2 tengu conjurers
  6 freezing wraiths
  21 merfolk
  A wind drake (Shoals:4)
  5 trolls
  28 blink frogs
  10 dream sheep
  2 hornets (Zig:2)
  A glass eye (Depths:3)
  31 slime creatures
  4 snapping turtles
  A jumping spider (shapeshifter) (Depths:4)
  2 blink frogs (shapeshifter)
  A vampire (D:13)
  Sigmund (D:2)
  A shadow (D:13)
  A wraith (D:13)
  5 air elementals
  A basilisk (shapeshifter) (D:13)
  18 water elementals
  8 basilisks
  4 wyverns
  52 yaks
  5 fire elementals
  A fire bat (shapeshifter) (D:14)
  4 chaos spawn
  A redback (shapeshifter) (Vaults:5)
  9 vampire mosquitoes
  A neqoxec (D:10)
  A spriggan simulacrum (Depths:2)
  45 nagas
  A swamp worm (shapeshifter) (Vaults:5)
  2 wargs (Orc:1)
  2 swamp worms (Gauntlet)
  3 acid dragons
  13 water moccasins
  Duvessa (D:4)
  38 orc warriors
  2 swamp drakes
  3 black bears
  9 ogres
  2 ice beasts
  12 wolves
  3 boggarts (Vaults:1)
  20 centaurs
  A phantom (D:5)
  2 kobold brigands
  2 brain worms (Sewer)
  8 bullfrogs
  A gnoll sergeant (D:11)
  4 scorpions
  10 wights
  Dowan (D:4)
  6 howler monkeys
  7 electric eels (D:11)
  A crimson imp (D:7)
  3 lava snakes (Snake:3)
  24 orc priests
  A gnoll bouda (D:8)
  7 hounds
  14 jellies
  A sleepcap (D:7)
  Ijyb (D:5)
  Terence (D:2)
  9 iguanas
  32 orc wizards
  A polar bear simulacrum (D:10)
  4 yak simulacra (D:10)
  3 wolf simulacra (D:10)
  4 gnolls (D:11)
  8 adders
  8 river rats
  5 shadow imps
  3 white imps
  2 ufetubi (D:3)
  7 worms
  2 dart slugs
  87 orcs
  8 ball pythons
  11 endoplasms
  2 giant cockroaches
  12 goblins
  7 hobgoblins
  6 jackals
  3 quokkas
  5 bats
  7 frilled lizards
  3 goblin skeletons (D:7)
  A goblin zombie (D:7)
  A hobgoblin zombie (D:7)
  10 kobolds
  A kobold skeleton (D:7)
  19 rats
  3 river rat simulacra (D:10)
  A spectral weapon (Depths:1)
  3 starspawn tentacles (Abyss:3)
1978 creatures vanquished.

Vanquished Creatures (collateral kills)
  2 Killer Klowns (Zot:5)
  An electric golem (Zot:5)
  2 tentacled monstrosities
  11 Orb Guardians (Zot:5)
  A sphinx (Vaults:5)
  2 titans (Vaults:5)
  A storm dragon (Vaults:5)
  A tengu reaver (Vaults:5)
  A fire giant (Vaults:5)
  2 frost giants (Vaults:5)
  A deep elf sorcerer (Vaults:5)
  2 war gargoyles (Vaults:5)
  An ironbound preserver (Vaults:5)
  2 very ugly things (Vaults:5)
  A stone giant (Vaults:5)
  A white draconian (Zot:5)
  A yaktaur captain (Vaults:5)
  An ettin (Vaults:5)
  6 vault guards (Vaults:5)
  A deep troll (Vaults:5)
  A moth of wrath (Zot:5)
  2 vault sentinels (Vaults:5)
  4 yaktaurs (Vaults:5)
48 creatures vanquished.

Vanquished Creatures (others)
  An ancient lich (Zot:5)
  2 orbs of fire (Zot:5)
  A Killer Klown (Zot:5)
  Xtahua (Vaults:5)
  Jorgrun (Orc:1)
  The ghost of Maixzijo the Eclecticist, an adept DsFE of Hepliaklqana (Vaults:4)
  3 tentacled monstrosities
  11 Orb Guardians (Zot:5)
  A lich (Vaults:5)
  3 titans
  2 storm dragons
  A frost giant (Vaults:5)
  A draconian knight (Zot:5)
  4 vault wardens
  A fire giant (Vaults:5)
  2 ironbound preservers (Vaults:5)
  A deep elf annihilator (Vaults:5)
  A white draconian (Zot:5)
  A yaktaur captain (Vaults:5)
  An ettin (Vaults:5)
  A deep elf high priest (Vaults:5)
  15 vault guards (Vaults:5)
  5 deep trolls (Vaults:5)
  An ironbound convoker (Vaults:5)
  An orc knight (Vaults:5)
  2 deep elf zephyrmancers (Elf:1)
  2 orc sorcerers
  2 moths of wrath (Zot:5)
  A black mamba (Snake:3)
  A smoke demon (Depths:2)
  2 yaktaurs (Vaults:5)
  A hornet (Vaults:5)
  A frost giant simulacrum (Depths:2)
  A water elemental (Shoals:3)
  An orc warrior (Vaults:5)
  An orc priest (Orc:2)
  An orc wizard (Vaults:5)
  6 orcs
  2 starspawn tentacles (Abyss:3)
87 creatures vanquished.

Grand Total: 2113 creatures vanquished

Notes
Turn   | Place    | Note
-------+----------+-------------------------------------------
     0 | D:1      | Kearsarge the Armataur Monk began the quest for the Orb.
     0 | D:1      | Reached XP level 1. HP: 18/18 MP: 1/1
     2 | D:1      | Noticed a formicid
     2 | D:1      | Noticed a ghoul
     4 | D:1      | Noticed a demigod
     4 | D:1      | Noticed a human
     6 | D:1      | Noticed a troll
     6 | D:1      | Noticed a vampire
     8 | D:1      | Noticed a gargoyle
    10 | D:1      | Noticed a vine stalker
    10 | D:1      | Noticed a demonspawn
    12 | D:1      | Noticed a felid
    14 | D:1      | Noticed a tengu
    14 | D:1      | Noticed a meteoran
    16 | D:1      | Noticed an octopode
    16 | D:1      | Noticed a spriggan
    18 | D:1      | Noticed a minotaur
    20 | D:1      | Noticed an ogre
    20 | D:1      | Noticed an elf
    22 | D:1      | Noticed a naga
    22 | D:1      | Noticed a merfolk
    24 | D:1      | Noticed an armataur
    24 | D:1      | Noticed a ghoul
    26 | D:1      | Noticed an elf
    26 | D:1      | Noticed a ghoul
   191 | D:1      | Reached skill level 3 in Unarmed Combat
   209 | D:1      | Reached XP level 2. HP: 21/25 MP: 2/2
   821 | D:2      | Noticed Sigmund
  1010 | D:2      | Found a shimmering altar of Xom.
  1061 | D:2      | Found Munoad's Jewellery Shoppe.
  1083 | D:2      | Noticed Terence
  1186 | D:2      | Reached XP level 3. HP: 30/30 MP: 3/3
  1292 | D:2      | Reached skill level 4 in Unarmed Combat
  1410 | D:3      | Found a white marble altar of Elyvilon.
  1848 | D:3      | Reached XP level 4. HP: 36/37 MP: 4/4
  2147 | D:3      | Reached skill level 5 in Unarmed Combat
  2671 | D:2      | Killed Sigmund
  2672 | D:2      | Reached skill level 6 in Unarmed Combat
  2672 | D:2      | Reached XP level 5. HP: 42/42 MP: 5/5
  2672 | D:2      | Reached XP level 6. HP: 50/50 MP: 6/6
  2812 | D:2      | Killed Terence
  3013 | D:4      | Noticed Dowan
  3014 | D:4      | Noticed Duvessa
  3028 | D:4      | Killed Duvessa
  3029 | D:4      | Reached skill level 7 in Unarmed Combat
  3035 | D:4      | Killed Dowan
  3044 | D:4      | Gained mutation: You roll and regenerate health when moving
                  | toward enemies. (Rampage Heal) [Armataur growth]
  3044 | D:4      | Reached XP level 7. HP: 52/56 MP: 7/7
  3098 | D:4      | Found a hide-covered altar of Uskayaw.
  3104 | D:4      | Noticed a +0 dagger
  3105 | D:4      | Noticed a +0 dagger
  3375 | D:5      | Entered Level 5 of the Dungeon
  3448 | D:5      | Reached skill level 8 in Unarmed Combat
  3794 | D:5      | Noticed Ijyb
  3803 | D:5      | Paralysed by Ijyb for 2 turns
  3809 | D:5      | Killed Ijyb
  3831 | D:5      | Reached XP level 8. HP: 58/66 MP: 8/8
  4463 | D:6      | Reached skill level 9 in Unarmed Combat
  4470 | D:6      | Found a glowing drain.
  4478 | Sewer    | Entered a sewer
  4643 | Sewer    | Reached skill level 5 in Fighting
  5213 | D:6      | Found a staircase to the Ecumenical Temple.
  5229 | Temple   | Found a transporter.
  5229 | Temple   | Found a transporter.
  5229 | Temple   | Found a transporter.
  5229 | Temple   | Found a transporter.
  5229 | Temple   | Entered the Ecumenical Temple
  5247 | Temple   | Became a worshipper of Gozag Ym Sagoz the Greedy
  5348 | D:6      | Found a sparkling altar of Nemelex Xobeh.
  5532 | D:6      | Noticed a boulder beetle
  5553 | D:6      | Killed a boulder beetle
  5554 | D:6      | Reached skill level 10 in Unarmed Combat
  5554 | D:6      | Reached XP level 9. HP: 37/78 MP: 9/9
  5822 | D:7      | Identified the +0 ring mail "Pusmohie" {Will+ Int-3 Dex+3
                  | SInv}
  6062 | D:7      | Found a glowing golden altar of the Shining One.
  7130 | D:8      | Reached skill level 11 in Unarmed Combat
  7556 | D:8      | Found a large runed translucent door.
  7556 | D:8      | Found a large runed translucent door.
  7560 | D:8      | Found a large runed translucent door.
  7560 | D:8      | Found a large runed translucent door.
  7562 | D:8      | Noticed a boulder beetle
  7588 | D:8      | Reached XP level 10. HP: 81/88 MP: 10/10
  7628 | D:8      | Noticed a gargoyle
  7639 | D:8      | Killed a gargoyle
  8907 | D:9      | Found a staircase to the Orcish Mines.
  9191 | D:9      | Reached skill level 12 in Unarmed Combat
  9797 | D:10     | Entered Level 10 of the Dungeon
 10084 | D:10     | Found a sacrificial altar of Ru.
 10301 | D:10     | Noticed a necromancer
 10305 | D:10     | Killed a necromancer
 10306 | D:10     | Reached skill level 10 in Fighting
 10680 | D:10     | Bought the +8 chain mail of Sif Muna's Fury {+Inv} for 936
                  | gold pieces
 10817 | D:11     | Reached XP level 11. HP: 89/99 MP: 11/11
 10994 | D:11     | Found a staircase to the Lair.
 11003 | D:11     | Noticed a boulder beetle
 11090 | D:11     | Killed a boulder beetle
 11323 | D:11     | Reached skill level 13 in Unarmed Combat
 12103 | D:12     | Reached skill level 1 in Armour
 12103 | D:12     | Reached skill level 1 in Shields
 12153 | D:12     | Noticed a two-headed ogre
 12170 | D:12     | Killed a two-headed ogre
 12210 | D:12     | Noticed Erolcha
 12224 | D:12     | Killed Erolcha
 12536 | D:12     | Reached skill level 5 in Armour
 12924 | D:12     | Reached skill level 5 in Shields
 13261 | Orc:1    | Entered Level 1 of the Orcish Mines
 13367 | Orc:1    | Noticed Maurice
 13380 | Orc:1    | Maurice stole a ring of protection from cold
 13388 | Orc:1    | Reached XP level 12. HP: 110/110 MP: 12/12
 13392 | Orc:1    | Killed Maurice
 13409 | Orc:1    | Noticed a two-headed ogre
 13421 | Orc:1    | Killed a two-headed ogre
 13542 | Orc:1    | Found a transporter.
 13549 | Orc:1    | Found a transporter.
 13636 | Orc:1    | Noticed Jorgrun
 13638 | Orc:1    | Noticed Harold
 13651 | Orc:1    | Killed Jorgrun
 13654 | Orc:1    | Killed Harold
 13738 | Orc:1    | Noticed an ettin
 13809 | Orc:1    | Found Fupylopu's Assorted Antiques.
 13813 | Orc:1    | Bought a scroll of identify for 42 gold pieces
 13890 | Orc:1    | Found a bloodstained altar of Trog.
 13890 | Orc:1    | Found the necklace of Bloodlust {Fury *Rage Will++ Int-3
                  | Slay+6}
 14221 | Orc:1    | Found a runed translucent door.
 14223 | Orc:1    | Noticed a deep elf sorcerer
 14230 | Orc:1    | Noticed a deep elf sorcerer
 14230 | Orc:1    | Noticed a deep elf sorcerer
 14230 | Orc:1    | Noticed a two-headed ogre
 14231 | Orc:1    | Noticed a deep elf elementalist
 14240 | Orc:1    | Killed a two-headed ogre
 14246 | Orc:1    | Noticed a two-headed ogre
 14247 | Orc:1    | Noticed a two-headed ogre
 14249 | Orc:1    | Identified the +8 plate armour of Spite {rCorr Int+3}
 14249 | Orc:1    | Noticed a deep elf elementalist
 14269 | Orc:2    | Entered Level 2 of the Orcish Mines
 14273 | Orc:2    | Noticed an orc high priest
 14294 | Orc:2    | Noticed an orc warlord
 14300 | Orc:2    | Paralysed by an orc sorcerer for 4 turns
 14433 | Orc:2    | Found a staircase to the Elven Halls.
 14539 | Orc:2    | Found Ival's Magic Scroll Boutique.
 14548 | Orc:2    | Bought a scroll of identify for 20 gold pieces
 14548 | Orc:2    | Bought a scroll of immolation for 40 gold pieces
 14548 | Orc:2    | Bought a scroll of blinking for 75 gold pieces
 14548 | Orc:2    | Bought a scroll of teleportation for 30 gold pieces
 14548 | Orc:2    | Bought a scroll of identify for 20 gold pieces
 14834 | Orc:2    | Reached XP level 13. HP: 97/116 MP: 13/13
 14834 | Orc:2    | Reached XP level 14. HP: 104/124 MP: 14/14
 14975 | Orc:1    | Bought a potion of might for 76 gold pieces
 14975 | Orc:1    | Bought a potion of heal wounds for 95 gold pieces
 14975 | Orc:1    | Bought a potion of lignification for 57 gold pieces
 14975 | Orc:1    | Bought a potion of curing for 57 gold pieces
 14975 | Orc:1    | Bought a potion of curing for 57 gold pieces
 15167 | Lair:1   | Entered Level 1 of the Lair of Beasts
 15414 | Lair:1   | Noticed Amaemon
 15433 | Lair:1   | Killed Amaemon
 15854 | Lair:1   | Found a runed translucent door.
 15855 | Lair:1   | Noticed MrDizzy's ghost (journeyman DjFE)
 16283 | Lair:2   | Identified a scroll of acquirement
 16284 | Lair:2   | Acquired 463 gold pieces
 16535 | Lair:2   | Found a staircase to the Shoals.
 16692 | Lair:2   | Reached XP level 15. HP: 129/129 MP: 15/15
 17237 | Lair:2   | Bought a masterwork plate armour for 728 gold pieces
 17237 | Lair:2   | Identified the +0 plate armour of Dithmenos's Generosity
                  | {Stlth+} (You bought it in a shop on level 2 of the Lair of
                  | Beasts)
 17429 | Lair:3   | Found a staircase to the Snake Pit.
 18097 | Lair:4   | Reached skill level 15 in Armour
 18772 | Lair:4   | Found a viscous altar of Jiyva.
 18772 | Lair:4   | Found a staircase to the Slime Pits.
 18978 | Lair:4   | Found a shimmering blue altar of Sif Muna.
 19071 | Lair:4   | Noticed dhlexpress's ghost (journeyman GrHs)
 19097 | Lair:4   | Found a runed translucent door.
 19286 | Lair:2   | Bought a scorched plate armour for 728 gold pieces
 19286 | Lair:2   | Identified the +3 plate armour of the Tired Stars {rN+}
                  | (You bought it in a shop on level 2 of the Lair of Beasts)
 19482 | Lair:4   | Identified the amulet of Vehumet's Pride {Acrobat rPois
                  | Dex+3 Slay+3}
 19549 | Lair:5   | Entered Level 5 of the Lair of Beasts
 19557 | Lair:5   | Found a gate leading to a gauntlet.
 19585 | Gauntlet | Entered a Gauntlet
 19585 | Gauntlet | Found a transporter.
 19595 | Gauntlet | Found a transporter.
 19598 | Gauntlet | Found a transporter.
 19599 | Gauntlet | Found a transporter.
 19603 | Gauntlet | Found a runed translucent door.
 19603 | Gauntlet | Found a runed translucent door.
 19607 | Gauntlet | Found a transporter.
 19610 | Gauntlet | Found a transporter.
 19611 | Gauntlet | Found a transporter.
 19623 | Gauntlet | Found a transporter.
 19624 | Gauntlet | Found a transporter.
 19624 | Gauntlet | Found a transporter.
 19632 | Gauntlet | Found a transporter.
 19635 | Gauntlet | Found a transporter.
 19636 | Gauntlet | Found a transporter.
 19652 | Gauntlet | Found a transporter.
 19906 | Gauntlet | Identified the ring "Qyug Jic Sec" {rC+ SInv}
 19920 | Gauntlet | Identified the +1 tower shield "Ben Ext" {rN+++ Regen+
                  | Str-5 Int+3}
 19920 | Gauntlet | Identified the ring of the Holding Pariah {Ice rN+ Str+3}
 19967 | Gauntlet | Found the +5 robe of Night {Dark Will+ SInv}
 19973 | Gauntlet | Got the Writings on the Evil Eye
 20366 | Lair:5   | Reached skill level 14 in Unarmed Combat
 20823 | Lair:5   | Reached skill level 15 in Unarmed Combat
 20887 | Lair:5   | Reached XP level 16. HP: 109/137 MP: 16/16
 22552 | Orc:2    | Found Otud's General Store.
 22553 | Orc:2    | Found Towk's Jewellery Shop.
 22555 | Orc:2    | Found Wasut's Antique Armour Shop.
 22555 | Orc:2    | Found Kyang's Antique Weapon Boutique.
 22562 | Orc:2    | Bought a potion of heal wounds for 55 gold pieces
 22647 | Orc:2    | Reached skill level 16 in Unarmed Combat
 23378 | D:13     | Bought the amulet of Vitality {RegenMP++ Regen++} for 1800
                  | gold pieces
 23378 | D:13     | Found the amulet of Vitality {RegenMP++ Regen++}
 23840 | D:13     | Reached skill level 17 in Unarmed Combat
 23918 | D:13     | Found a gate to the Vaults.
 24810 | Snake:1  | Entered Level 1 of the Snake Pit
 25008 | Snake:1  | Found Wihept's Weapon Boutique.
 25010 | Snake:1  | Found Cararuj's Assorted Antiques.
 25021 | Snake:1  | Bought a silver wand for 76 gold pieces
 25021 | Snake:1  | Bought a potion of haste for 190 gold pieces
 25021 | Snake:1  | Bought a potion of lignification for 57 gold pieces
 25027 | Snake:1  | Found Libret's Distillery.
 25027 | Snake:1  | Found Hoeto's Armour Shop.
 25035 | Snake:1  | Bought a potion of heal wounds for 80 gold pieces
 25162 | Snake:1  | Found Zoxeinoh's Assorted Antiques.
 25577 | Snake:1  | Reached skill level 18 in Unarmed Combat
 25774 | Snake:1  | Bought a +0 barding for 322 gold pieces
 25831 | Snake:2  | Noticed Nikola
 25854 | Snake:2  | Killed Nikola
 25861 | Snake:2  | Identified the +8 plate armour of Hayguh {Harm rElec Str-2}
 26006 | Snake:1  | Bought a potion of heal wounds for 80 gold pieces
 26064 | Snake:2  | Identified the +2 robe "Werphozapn" {rN+}
 26292 | Snake:2  | Reached XP level 17. HP: 145/145 MP: 17/17
 26864 | Snake:3  | Noticed Louise
 26973 | Snake:2  | Killed Louise
 27281 | Snake:3  | Identified the +1 pair of gloves of Untold Secrets {Fly}
 27591 | Snake:3  | Reached skill level 19 in Unarmed Combat
 27693 | Snake:3  | Identified the ring "Baotak" {rCorr MP+9 Dex-4 SInv Stlth+}
 28079 | Snake:4  | Entered Level 4 of the Snake Pit
 28761 | Snake:4  | Reached XP level 18. HP: 160/160 MP: 18/18
 28868 | Snake:4  | Found a large runed translucent door.
 28869 | Snake:4  | Found a large runed translucent door.
 28872 | Snake:4  | Noticed wqsa789's ghost (adept AtFi)
 29052 | Snake:4  | Reached skill level 20 in Unarmed Combat
 29506 | Snake:4  | Got a serpentine rune of Zot
 29748 | Shoals:1 | Entered Level 1 of the Shoals
 30099 | Shoals:1 | Reached skill level 15 in Fighting
 30239 | Shoals:1 | Bought a crude helmet for 361 gold pieces
 30239 | Shoals:1 | Identified the +0 helmet of Grace {+Blink rPois Str+4
                  | Stlth-} (You bought it in a shop on level 1 of the Shoals)
 30259 | Shoals:2 | Noticed Polyphemus
 30322 | Shoals:2 | Killed Polyphemus
 30663 | Shoals:2 | Found a transporter.
 30675 | Shoals:2 | Found Nibluoz's Gadget Gallery.
 30941 | Shoals:2 | Found a transporter.
 31436 | Shoals:3 | Reached skill level 21 in Unarmed Combat
 31531 | Shoals:1 | Bought a scroll of acquirement for 1976 gold pieces
 31532 | Shoals:1 | Acquired a manual of Fighting
 31859 | Shoals:4 | Entered Level 4 of the Shoals
 31953 | Shoals:4 | Reached XP level 19. HP: 173/173 MP: 19/19
 32532 | Shoals:4 | Identified the +9 flail of Innocence {flame, Fragile rCorr
                  | Dex+5}
 32534 | Shoals:4 | Identified the ring "Xivagips" {rF+ Int+2}
 32726 | Shoals:4 | Got a barnacled rune of Zot
 32936 | D:15     | Entered Level 15 of the Dungeon
 33124 | D:15     | Found a staircase to the Depths.
 33536 | D:15     | Found a stormy altar of Qazlal.
 33904 | Elf:1    | Entered Level 1 of the Elven Halls
 33912 | Elf:1    | Noticed Zenata
 34026 | Elf:1    | Killed Zenata
 34057 | Elf:1    | Found an ancient bone altar of Kikubaaqudgha.
 34135 | Elf:1    | Reached skill level 22 in Unarmed Combat
 34337 | Elf:1    | Found Orog's Antique Weapon Emporium.
 35705 | Elf:2    | Found a huge runed translucent gate.
 35705 | Elf:2    | Found a huge runed translucent gate.
 35705 | Elf:2    | Found a huge runed translucent gate.
 35708 | Elf:2    | Found a huge runed translucent gate.
 35719 | Elf:2    | Found a huge runed translucent gate.
 35793 | Elf:3    | Entered Level 3 of the Elven Halls
 35799 | Elf:3    | Reached XP level 20. HP: 193/193 MP: 20/20
 35927 | Elf:3    | Found Tiafiph's Weapon Emporium.
 36115 | Elf:3    | Found the +8 storm bow {elec, penet}
 36115 | Elf:3    | Found the +2 pair of slick slippers {slick, slippery, EV+4}
 36143 | Elf:3    | Identified the +6 glaive of Indomitability {freeze, rF+
                  | rCorr Str-4}
 36144 | Elf:3    | Identified the +0 leather armour "Laputus" {-Cast Rampage
                  | rElec Regen+}
 36157 | Elf:3    | Identified the ring "Zuurim" {rN+ MP+9 Dex+5}
 36173 | Elf:3    | Identified the +9 orcbow "Puuny" {speed, Will+ Int+2}
 36206 | Elf:3    | Got the Elucidation of a Thousand Prophets
 36210 | Elf:3    | Got the Almanac of Non-Euclidean Shapeshifting
 36228 | Elf:3    | Identified the +1 pair of boots "Wupriz" {Will+ Int+3}
 36241 | Elf:3    | Identified the amulet "Ozor Ydinan" {Spirit rF++ rN+}
 36586 | Vaults:1 | Entered Level 1 of the Vaults
 37065 | Vaults:1 | Noticed an ancient lich
 37077 | Vaults:1 | Reached skill level 23 in Unarmed Combat
 37085 | Vaults:1 | Killed an ancient lich
 37140 | Vaults:1 | Acquired 259 gold pieces
 37147 | Vaults:1 | Identified the +10 long sword of the First Bounties {heavy,
                  | Fly Int+2 Dex+3}
 37172 | Vaults:1 | Identified the +1 quarterstaff of the Singing Priest
                  | {freeze, rPois rF+ Dex+2}
 37225 | Vaults:1 | Bought the +10 Black Knight's barding {ponderous, rPois
                  | rN+} for 1331 gold pieces
 37225 | Vaults:1 | Found the +10 Black Knight's barding {ponderous, rPois rN+}
 37762 | Vaults:1 | Found Nutylih's Distillery.
 37785 | Vaults:1 | Bought a potion of might for 40 gold pieces
 38498 | Vaults:2 | Paralysed by a formless jellyfish for 1 turns
 38762 | Vaults:2 | Found Cutain's Book Emporium.
 38767 | Vaults:2 | Reached XP level 21. HP: 190/204 MP: 21/21
 39651 | Vaults:3 | Reached skill level 24 in Unarmed Combat
 40194 | Vaults:3 | Found a staircase to the Crypt.
 40719 | Vaults:4 | Noticed Sojobo
 40736 | Vaults:4 | Killed Sojobo
 40953 | Vaults:4 | Noticed Donald
 40960 | Vaults:4 | Killed Donald
 41106 | Vaults:4 | Found a runed translucent gate.
 41106 | Vaults:4 | Found a runed translucent gate.
 41106 | Vaults:4 | Found a runed translucent gate.
 41106 | Vaults:4 | Identified the +0 robe of the Orcish Mines {Str+3 Archmagi}
 41106 | Vaults:4 | Noticed Maixzijo's ghost (adept DsFE)
 41176 | Vaults:4 | Found an iron altar of Okawaru.
 41209 | Vaults:4 | Killed Maixzijo's ghost
 41253 | Vaults:4 | Identified the +0 plate armour of Qazlal's Favour {-Cast
                  | rN+++ Regen+}
 41256 | Vaults:4 | Identified the +1 plate armour of the Cricket {SInv}
 41960 | Vaults:5 | Entered Level 5 of the Vaults
 41968 | Vaults:5 | Noticed an ancient lich
 41980 | Vaults:5 | Noticed Xtahua
 41987 | Vaults:5 | Reached XP level 22. HP: 217/217 MP: 22/22
 42036 | Vaults:5 | Killed Xtahua
 42084 | Vaults:5 | Reached skill level 25 in Unarmed Combat
 42119 | Vaults:5 | Found Uriwoplytu's Distillery.
 42141 | Vaults:5 | Bought a potion of might for 80 gold pieces
 42141 | Vaults:5 | Bought a potion of might for 80 gold pieces
 42181 | Vaults:5 | Killed an ancient lich
 42195 | Vaults:5 | Found Gumpeati's Distillery.
 42201 | Vaults:5 | Bought a potion of heal wounds for 75 gold pieces
 42201 | Vaults:5 | Bought a potion of heal wounds for 75 gold pieces
 42201 | Vaults:5 | Bought a potion of haste for 150 gold pieces
 42345 | Vaults:5 | Noticed a golden dragon
 42351 | Vaults:5 | Killed a golden dragon
 42530 | Vaults:5 | Noticed a dread lich
 42543 | Vaults:5 | Killed a dread lich
 42624 | Vaults:5 | Identified the +0 cloak of a Billion Xalams {rF+ Int+3}
 42629 | Vaults:5 | Got the Omnibus of Sepulchral Glaciation
 42758 | Vaults:5 | Identified the +3 chain mail "Yvuymait" {+Inv rF+ rC+
                  | Dex-4}
 42863 | Vaults:5 | Found Fuoxtemp's Distillery.
 42867 | Vaults:5 | Bought a potion of cancellation for 136 gold pieces
 42867 | Vaults:5 | Bought a potion of heal wounds for 85 gold pieces
 42867 | Vaults:5 | Bought a potion of heal wounds for 85 gold pieces
 42999 | Vaults:5 | Got a silver rune of Zot
 43081 | Vaults:5 | Found the +0 mask of the Dragon {Will+ Slay+3 SInv}
 43082 | Vaults:5 | Identified the staff "Ceizeo" {rC+ Dex+4 Ice}
 43608 | Depths:1 | Entered Level 1 of the Depths
 44196 | Depths:1 | Noticed Asterion
 44212 | Depths:1 | Killed Asterion
 44254 | Depths:1 | Reached skill level 15 in Shields
 44592 | Depths:1 | Reached XP level 23. HP: 229/229 MP: 23/23
 44645 | Depths:1 | Found a gateway to Hell.
 45119 | Depths:2 | Identified the staff of Bodily Humours {rC+ Int+3 Ice}
 45119 | Depths:2 | Identified the ring "Pemiston" {Ice Int+7}
 45119 | Depths:2 | Identified the death talisman "Etoivur" {Will+ Int+2 SInv
                  | Stlth+}
 45119 | Depths:2 | Noticed Josephina
 45144 | Depths:2 | Killed Josephina
 45290 | Depths:2 | Found a one-way gate leading to the halls of Pandemonium.
 45598 | Depths:2 | Noticed a juggernaut
 45614 | Depths:2 | Killed a juggernaut
 45719 | Depths:2 | Found the +15 Maxwell's patent armour {-Cast -Tele rElec
                  | Will+ rCorr}
 45739 | Depths:2 | Got the Tome of the Septic Curse
 45902 | Depths:3 | Found Nealadgh's Antique Armour Emporium.
 46106 | Depths:3 | Found a corrupted altar of Lugonu.
 46108 | Depths:3 | Found a one-way gate to the infinite horrors of the Abyss.
 46317 | Depths:3 | Found a one-way gateway to a ziggurat.
 46377 | Zig:1    | Entered Level 1 of a ziggurat
 46377 | Zig:1    | Noticed Voim the pandemonium lord
 46403 | Zig:1    | Killed Voim the pandemonium lord
 46437 | Zig:2    | Entered Level 2 of a ziggurat
 46466 | Zig:2    | Identified the +0 ring mail "Haefroas" {rN+ Dex+3}
 46477 | Zig:3    | Entered Level 3 of a ziggurat
 46501 | Zig:3    | Identified the amulet "Taront" {+Inv rN++ Regen+}
 46503 | Zig:4    | Entered Level 4 of a ziggurat
 46551 | Zig:5    | Entered Level 5 of a ziggurat
 46621 | Zig:5    | Identified the +2 scale mail "Junwei Feip" {rElec}
 46624 | Zig:6    | Entered Level 6 of a ziggurat
 46627 | Zig:6    | Noticed a Killer Klown
 46631 | Zig:6    | Killed a Killer Klown
 46713 | Zig:6    | Identified the +0 gold dragon scales of the Planets {rPois
                  | rF+ rC+ Int+3}
 46727 | Zig:6    | Identified the +8 flail of the Lost Bounties {drain, Int+3
                  | Dex+8}
 46731 | Zig:7    | Entered Level 7 of a ziggurat
 46738 | Zig:7    | Paralysed by an air elemental for 1 turns
 46799 | Zig:7    | Identified the +6 scale mail of Untold Secrets {+Inv Str+2
                  | Int+3 Dex+3}
 46813 | Zig:8    | Entered Level 8 of a ziggurat
 46861 | Zig:8    | Identified the +7 orcbow of the Depths {freeze, Contam rC+
                  | Will+}
 46865 | Zig:9    | Entered Level 9 of a ziggurat
 46951 | Zig:9    | Found the +7 lajatang of Order {silver, rMut}
 47156 | Depths:3 | Found Atesav's Book Boutique.
 47417 | Depths:4 | Entered Level 4 of the Depths
 47428 | Depths:4 | Reached XP level 24. HP: 227/237 MP: 23/23
 47522 | Abyss:2  | Found a basalt altar of Yredelemnul.
 47522 | Abyss:2  | Cast into level 2 of the Abyss (a deep elf sorcerer)
 47718 | Depths:4 | Escaped the Abyss
 47956 | Depths:4 | Found a gate to the Realm of Zot.
 48176 | Zot:1    | Entered Level 1 of the Realm of Zot
 48794 | Zot:3    | Noticed a Killer Klown
 48819 | Zot:3    | Killed a Killer Klown
 48933 | Zot:4    | Found the +8 arc blade {discharge, rElec}
 49026 | Zot:5    | Entered Level 5 of the Realm of Zot
 49272 | Zot:5    | Noticed an orb of fire
 49276 | Zot:5    | Noticed an orb of fire
 49277 | Zot:5    | Noticed an orb of fire
 49291 | Zot:5    | Noticed an orb of fire
 49297 | Zot:5    | Killed an orb of fire
 49300 | Zot:5    | Noticed an ancient lich
 49300 | Zot:5    | Killed a Killer Klown
 49301 | Zot:5    | Reached XP level 25. HP: 219/245 MP: 23/23
 49321 | Zot:5    | Killed a Killer Klown
 49334 | Zot:5    | Noticed an orb of fire
 49334 | Zot:5    | Noticed a Killer Klown
 49336 | Zot:5    | Noticed an orb of fire
 49336 | Zot:5    | Noticed an orb of fire
 49336 | Zot:5    | Noticed an orb of fire
 49336 | Zot:5    | Noticed an orb of fire
 49382 | Zot:5    | Got the Orb of Zot
 49944 | D:$      | Escaped with the Orb!

Illustrated notes

Levels and vault maps discovered:
D:1:      kb_arrival_jail, layout_basic, minivault_27
D:2:      layout_basic, serial_shops, nicolae_shop_tiny_real_fake_doors,
          basic_altar, uniq_terence, uniq_sigmund
D:3:      minmay_recursive_quarters, layout_loops_ring,
          mainiacjoe_overflow_small_starburst
D:4:      layout_rooms, dancing_weapons_uskayaw, uniq_duvessa
D:5:      layout_gridville, uniq_ijyb
D:6:      cheibrodos_two_vegetables, layout_rooms, nemelex_diamond_rough_becter,
          minmay_temple_entry_waves, lightli_sewer_entry_pipes
D:7:      layout_layer_cave, nicolae_tso_besieged_by_evil, minmay_misc_feat_rows
D:8:      layout_gridville, minmay_hollow_rounded_squares
D:9:      layout_long_grid, erik_orc_1
D:10:     layout_roguey, mainiacjoe_overflow_tiny_flanked,
          eino_house_with_fridge
D:11:     layout_loops_ring, erik_lair_island, serial_bayou,
          serial_bayou_pond_b, serial_bayou_lagoon_b, serial_bayou_pond_a,
          serial_bayou_crossing, serial_bayou_lagoon_a
D:12:     layout_gridville, nicolae_elevator_lobby_asterisk, uniq_erolcha
D:13:     minmay_octagon_keep, layout_basic,
          hangedman_vaults_entry_quadrant_bands, small_statue_intersection
D:14:     layout_rooms, minmay_misc_feat_secret_circle
D:15:     gammafunk_depths_entry_grave, layout_long_grid,
          nicolae_qazlal_eye_of_the_storm
Temple:   hellmonk_temple_divided_pantheon
Lair:1:   layout_long_grid, ebering_ghost_inner_flame, grunt_megastairs_1,
          uniq_amaemon
Lair:2:   layout_gridlike, elwin_shoals_entry_rocks, beast_lair_carwin_4
Lair:3:   layout_regular_city, guppyfry_snake_entry_island, serial_bayou_shore_b
Lair:4:   dragon1_lemuel, layout_regular_city, minmay_slime_entry_jelly_boxes,
          basic_altar, hellmonk_ghost_happy_afterlife
Lair:5:   hangedman_lair_in_review, layout_cave_pods,
          nicolae_volcano_entry_s_turn, gauntlet_entry_generic,
          infiniplex_staircase_pool_2
Shoals:1: layout_shoals
Shoals:2: gammafunk_sealed_arena, layout_shoals, nicolae_shop_gadgets,
          uniq_polyphemus
Shoals:3: layout_shoals, nicolae_shoals_seven_spires
Shoals:4: shoals_end_hellmonk_lost_city
Snake:1:  layout_misc_corridors, serial_shops, shop,
          nicolae_snake_serpentine_bazaar, nicolae_triple_integral
Snake:2:  layout_rooms, nicolae_snake_flat_spine, uniq_nikola
Snake:3:  layout_misc_corridors, nicolae_snake_salamander_zone, uniq_louise
Snake:4:  johnstein_snake_rune_scales, layout_misc_corridors,
          ebering_ghost_disaster_area, portal_ice_cave_entry_frozen_things,
          st_stairs_1, nicolae_snake_springs
Orc:1:    emtedronai_trogs_sanctum, layout_diamond_mine, serial_shops,
          nicolae_shop_back_alley_shop, uniq_jorgrun, uniq_maurice, uniq_harold
Orc:2:    st_orc_congregation, layout_caves, serial_shops, shop_fountains
Elf:1:    minmay_elf_arrival_summoners, layout_loops_cross, serial_shops,
          nicolae_shop_competitors_out_of_business, basic_altar,
          evilmike_minifort, uniq_zenata
Elf:2:    elven_hall_of_blades_hangedman_alternative
          [nicolae_blade_little_rooms], layout_onion_city
Elf:3:    minmay_elf_hall_circle, layout_geoelf_diagonals, serial_shops, shop
Vaults:1: v_misc_23, nicolae_vaults_you_can_take_it_with_you,
          nicolae_vaults_closet_pinwheel_2, nicolae_vaults_apartment_2,
          v_pattern_5, vaults_dpeg_emergency_exit, nicolae_vaults_mitosis,
          ontoclasm_vaults_loading_screen, layout_vaults_omnibox, serial_shops,
          shop
Vaults:2: nicolae_vaults_diagonal_hallway_7, ontoclasm_vaults_chip,
          v_alt_pattern_3, nicolae_vaults_trapezoid_lopsided_1,
          vaults_room_grunt_arrival_ludios, vaults_room_fours,
          vaults_room_stairs_pillars, nicolae_vaults_octothorpe,
          ontoclasm_vaults_ligature, layout_vaults_omnigrid, serial_shops,
          nicolae_shop_trees
Vaults:3: nicolae_vaults_tetromino_L_2, vaults_dpeg_doors,
          nicolae_vaults_diamond_1, v_alt_pattern_6,
          nicolae_vaults_weapon_check, hangedman_vaults_nodes,
          ontoclasm_vaults_twist, v_misc_14, blue_anna_dwarven_crypt,
          nicolae_vaults_antechamber_and_loot_room, nicolae_vaults_apartment_2,
          nicolae_vaults_little_squares_3, nicolae_vaults_diamond_1,
          vaults_dpeg_diagonal, layout_vaults_omnicross
Vaults:4: gammafunk_ghost_fury_of_okawaru, nicolae_vaults_house_1,
          hangedman_vaults_stretched_pinwheel, vaults_room_door_hall,
          nicolae_vaults_variable_pillar_hall_cross, v_rooms_4,
          nicolae_vaults_more_shelving_2, nicolae_vaults_offset_grid_hallway_2,
          nicolae_vaults_trapezoid_layered, ontoclasm_vaults_shuriken,
          st_smaller_cells, dpeg_vaults_monster_box, layout_vaults_chaotic_city,
          uniq_donald, uniq_sojobo
Vaults:5: uniq_xtahua
Depths:1: layout_basic, grunt_hell_entry_dis_old,
          hangedman_decor_clover_reticule, minmay_librarian, uniq_asterion
Depths:2: minmay_nine_rooms, layout_long_grid, rand_demon_pan_entry_7,
          hex_medium, lightli_too_deep, grunt_decor_arrowhead,
          hangedman_abyss_or_decor_jellyfish_corner, serial_bayou_pond_e,
          drop_trap, uniq_josephina
Depths:3: evilmike_wizard_prison, layout_honeycomb, enter_ziggurat_e,
          serial_shops, nicolae_book_shop_shelving, abyss_entry_flame_altar,
          hangedman_geh_valley, minmay_shop_star
Depths:4: hangedman_pleasuredromes, hell_entry
Zot:1:    layout_misc_corridors, gammafunk_ghost_mausoleum
Zot:2:    layout_basic, grunt_megastairs_5
Zot:3:    layout_gridlike, regret_index_zotdec_stipple_waver
Zot:4:    layout_gridlike
Zot:5:    layout_basic, hangedman_zot_decor_scrapings

Skill      XL: |  1  2  3  4  5  6  7  8  9 10 11 12 13 14 15 16 17 18 19 20 21 22 23 24 25 |
---------------+----------------------------------------------------------------------------+-----
Unarmed Combat | 3 4 6 7 8 10 11 12 13 15 18 19 21 22 23 24 25 | 25.9
Fighting       | 3 6 8 10 11 14 16 19 21 22 23 | 23.8
Armour         | 6 12 14 16 19 22 23 | 23.2
Shields        | 5 11 13 14 15 18 20 21 | 21.5
Dodging        | |  2.1

Action                     |  1- 3 |  4- 6 |  7- 9 | 10-12 | 13-15 | 16-18 | 19-21 | 22-24 | 25-27 || total
---------------------------+-------+-------+-------+-------+-------+-------+-------+-------+-------++-------
  Melee: Unarmed           |   129 |    57 |   354 |   572 |  1054 |  2344 |  1824 |  1639 |    83 ||  8056
         Tailslap          |     9 |    10 |    60 |   106 |   248 |   461 |   369 |   407 |    22 ||  1692
  Throw: Dart              |       |       |     5 |    15 |       |       |       |       |       ||    20
         Throwing net      |       |       |       |     3 |       |       |       |       |       ||     3
 Invoke: Call Merchant     |       |       |       |     1 |     2 |     2 |     1 |       |       ||     6
         Potion Petition   |       |       |       |       |       |     1 |     1 |       |       ||     2
         Bribe Branch      |       |       |       |       |       |       |     1 |     2 |       ||     3
  Evoke: Wand              |       |     3 |     9 |    38 |     3 |     6 |       |     2 |       ||    61
         Lightning rod     |       |       |       |       |     5 |       |     8 |     2 |       ||    15
         Phial of floods   |       |       |       |       |       |     1 |       |       |       ||     1
    Use: Scroll            |     6 |     1 |     4 |    13 |     8 |    18 |    11 |    10 |     8 ||    79
         Potion            |       |     4 |       |    10 |     5 |     6 |    11 |     3 |     2 ||    41
   Stab: Paralysed         |       |       |     4 |    31 |    11 |       |       |       |       ||    46
         Distracted        |       |       |       |     1 |    11 |    12 |    14 |    18 |       ||    56
         Invisible         |       |       |       |     8 |     1 |       |    17 |       |       ||    26
         Petrified         |       |       |       |       |       |     7 |       |       |       ||     7
         Petrifying        |       |       |       |       |       |     2 |       |       |       ||     2
 Armour: Robe              |    23 |       |       |       |       |       |       |       |       ||    23
         Chain mail        |    10 |       |       |   226 |   845 |  1024 |   261 |       |       ||  2366
         Scale mail        |    34 |    14 |       |       |       |       |       |       |       ||    48
         Ring mail         |       |    19 |   202 |   128 |       |       |       |       |       ||   349
         Skin              |       |       |       |       |     5 |       |    40 |       |       ||    45
         Plate armour      |       |       |       |       |       |   816 |   919 |  1171 |    63 ||  2969
  Dodge: Dodged            |    34 |    13 |   115 |   133 |   213 |   208 |   119 |    91 |     1 ||   927
  Block: Buckler           |       |       |       |    66 |   286 |       |       |       |       ||   352
         Tower shield      |       |       |       |       |   299 |  2795 |  1475 |  1260 |    41 ||  5870

Table legend: (Time is in decaauts)
 A = Elapsed time spent in this place.
 B = Non-inter-level travel time spent in this place.
 C = Inter-level travel time spent in this place.
 D = Time resting spent in this place.
 E = Time spent auto-exploring this place.
 F = Levels seen in this place.
 G = Mean time per level.
                   A        B        C        D        E       F      G
               +--------+--------+--------+--------+--------+-----+--------+
         Total |  48495 |  41164 |   7331 |   1617 |  26798 |  61 |  795.0 |
       Dungeon |  16502 |  13353 |   3149 |    863 |   9747 |  15 | 1100.1 |
        Temple |     36 |      4 |     32 |      0 |      0 |   1 |   36.0 |
          Lair |   6299 |   5307 |    992 |    173 |   3651 |   5 | 1259.8 |
        Shoals |   2895 |   2209 |    686 |     26 |   1061 |   4 |  723.8 |
     Snake Pit |   4656 |   4243 |    413 |    164 |   2192 |   4 | 1164.0 |
  Orcish Mines |   2641 |   1744 |    897 |    199 |    735 |   2 | 1320.5 |
   Elven Halls |   2275 |   2047 |    228 |      0 |   1434 |   3 |  758.3 |
        Vaults |   6542 |   6287 |    255 |     72 |   4441 |   5 | 1308.4 |
        Depths |   3824 |   3441 |    383 |      5 |   2500 |   4 |  956.0 |
           Zot |   1299 |   1006 |    293 |     88 |    352 |   5 |  259.8 |
         Abyss |    180 |    180 |      0 |      0 |      0 |   2 |   90.0 |
      Ziggurat |    529 |    529 |      0 |      4 |    195 |   9 |   58.8 |
         Sewer |    389 |    389 |      0 |      0 |    316 |   1 |  389.0 |
      Gauntlet |    423 |    423 |      0 |     21 |    171 |   1 |  423.0 |
               +--------+--------+--------+--------+--------+-----+--------+

Top non-repeatable levels by time:
   Orc:1: 1825 daAuts
     D:9: 1770 daAuts
     D:8: 1618 daAuts
  Lair:5: 1566 daAuts
Vaults:4: 1503 daAuts
    D:11: 1455 daAuts
Vaults:5: 1403 daAuts
  Lair:3: 1398 daAuts
 Snake:4: 1387 daAuts
Vaults:1: 1363 daAuts
    D:13: 1301 daAuts
Depths:2: 1255 daAuts
    D:12: 1238 daAuts
  Lair:4: 1225 daAuts
Vaults:3: 1170 daAuts
